 Dungeon Crawl Stone Soup version 0.29-a0-872-g797fff5ad1 (webtiles) character file.

Game seed: 10129327610474555162

12229 HoaS the Marksgargoyle (level 11, -1/60 HPs)
             Began as a Gargoyle Hunter on July 18, 2022.
             Was a High Priest of Okawaru.
             Slain by a cane toad (8 damage)
             ... on level 2 of the Lair of Beasts.
             The game lasted 00:24:10 (9622 turns).

HoaS the Marksgargoyle (Gargoyle Hunter)            Turns: 9622, Time: 00:24:11

Health: -1/60      AC: 20    Str: 14    XL:     11   Next: 90%
Magic:  12/13      EV: 15    Int: 17    God:    Okawaru [*****.]
Gold:   503        SH:  0    Dex: 17    Spells: 10/10 levels left

rFire   . . .      SeeInvis .   l - +0 arbalest (elec)
rCold   . . .      Faith    .   (shield currently unavailable)
rNeg    + . .      Spirit   .   c - +0 leather armour
rPois   ∞          Reflect  .   s - +2 hat
rElec   +          Harm     .   o - +1 cloak
rCorr   .          Rampage  .   B - +0 pair of gloves
Will    .....                   h - +2 pair of boots
Stlth   +++.......              n - amulet of regeneration
HPRegen 1.00/turn               j - +6 ring of intelligence
MPRegen 0.13/turn               (no ring)

@: heroic, marked
A: sickness immunity, AC +8, negative energy resistance 1, electricity
resistance, torment resistance 1, petrification resistance
a: Renounce Religion, Heroism, Finesse, Duel


You were on level 2 of the Lair of Beasts.
You worshipped Okawaru.
Okawaru was extremely pleased with you.
You visited 3 branches of the dungeon, and saw 13 of its levels.

You collected 721 gold pieces.
You spent 218 gold pieces at shops.

Inventory:

Hand Weapons
 l - a +0 arbalest of electrocution (weapon)
Missiles
 x - 3 throwing nets
Armour
 c - a +0 leather armour (worn)
 h - a +2 pair of boots (worn)
 i - a +0 scale mail
 k - a +0 ring mail
 o - a +1 cloak (worn)
 s - a +2 hat (worn)
 B - a +0 pair of gloves (worn)
 E - a +3 plate armour of poison resistance
Jewellery
 j - a +6 ring of intelligence (left hand)
 n - an amulet of regeneration (around neck)
Wands
 m - a wand of paralysis (23)
 z - a wand of mindburst (2)
Scrolls
 b - 5 scrolls of immolation
 e - a scroll of magic mapping
 g - 4 scrolls of torment
 u - 2 scrolls of fear
 w - a scroll of fog
 y - 2 scrolls of teleportation
Potions
 a - 3 potions of haste
 d - 4 potions of attraction
 f - 6 potions of curing
 p - 2 potions of cancellation
 q - 2 potions of mutation
 r - a potion of heal wounds {unknown}
 t - a potion of invisibility {unknown}
 A - a potion of ambrosia {unknown}
 F - a potion of lignification {unknown}


   Skills:
 * Level 3.4(8.4) Fighting
 - Level 18.0(23.0) Ranged Weapons
 * Level 2.5(7.5) Dodging
 - Level 1.1(6.1) Stealth
 + Level 3.4 Invocations


You had 10 spell levels left.
You didn't know any spells.
Your spell library contained the following spells:

 Spells                   Type           Power      Damage    Failure   Level
 Shock                    Conj/Air       0%         1d3       28%         1
 Sting                    Tmut/Pois      0%         1d3       28%         1
 Poisonous Vapours        Pois/Air       0%         N/A       41%         2
 Wereblood                Tmut           0%         N/A       41%         2
 Portal Projectile        Hex/Tloc       0%         N/A       65%         3
 Swiftness                Air            0%         N/A       65%         3
 Airstrike                Air            0%         0-1+      96%         4
 Corpse Rot               Necr/Pois/Air  0%         N/A       96%         4
 Hailstorm                Conj/Ice       0%         3d3       96%         4
 Ice Form                 Ice/Tmut       0%         N/A       96%         4
 Leda's Liquefaction      Hex/Erth       0%         N/A       96%         4
 Olgreb's Toxic Radiance  Pois           0%         N/A       96%         4
 Sublimation of Blood     Necr           Unusable   N/A       N/A         2
 Call Canine Familiar     Summ           Unusable   N/A       N/A         3
 Simulacrum               Ice/Necr       Unusable   N/A       N/A         6
 Summon Hydra             Summ           Unusable   N/A       N/A         7

Dungeon Overview and Level Annotations

Branches:
Dungeon (10/15)            Temple (1/1) D:6            Lair (2/5) D:10
    Orc (0/2) D:10
  Swamp: Lair:2-3    Shoals: Lair:2-3     Snake: Lair:2-3    Spider: Lair:2-3

Altars:
Ashenzari
Cheibriados
Dithmenos
Elyvilon
Fedhas
Gozag
Hepliaklqana
Kikubaaqudgha
Makhleb
Nemelex Xobeh
Okawaru
Qazlal
Ru
Sif Muna
Trog
Uskayaw
Vehumet
Wu Jian
Xom
Yredelemnul
Zin
The Shining One

Shops:
D:6 *   D:10 [(


Innate Abilities, Weirdness & Mutations

You are immune to sickness and miasma.
Your stone body is resilient. (AC +8)
You are immune to poison.
You resist negative energy. (rN+)
You are resistant to electric shocks. (rElec)
You are resistant to unholy torment.
You are immune to petrification.


Message History

You are too injured to fight recklessly!
You are too injured to fight recklessly!
You are too injured to fight recklessly!
You are too injured to fight recklessly!
Fire: l) +0 arbalest (elec)
Press: ? - help, Q - select action, (/) - cycle Shift-Dir - straight line, f/p - cane toad
Aim: a cane toad (severely wounded, 73% to hit)
You shoot a bolt. The bolt hits the cane toad.
The cane toad is severely wounded.
The bullfrog hits you but does no damage.
The cane toad closely misses you.
The bullfrog hits you but does no damage.
Fire: l) +0 arbalest (elec)
Press: ? - help, Q - select action, (/) - cycle Shift-Dir - straight line, f/p - cane toad
Aim: a cane toad (severely wounded, 73% to hit)
You shoot a bolt. The bolt hits the cane toad.
The cane toad is severely wounded.
The cane toad stings you but does no damage.
The bullfrog hits you.
The cane toad stings you but does no damage.
The cane toad stings you.
Fire: l) +0 arbalest (elec)
Press: ? - help, Q - select action, (/) - cycle Shift-Dir - straight line, f/p - cane toad
Aim: a cane toad (severely wounded, 73% to hit)
You shoot a bolt. The bolt hits the cane toad.
The cane toad is almost dead.
The bullfrog barely misses you.
The cane toad stings you but does no damage.
The cane toad stings you!
* * * LOW HITPOINT WARNING * * *
The bullfrog hits you but does no damage.
Fire: l) +0 arbalest (elec)
Press: ? - help, Q - select action, (/) - cycle Shift-Dir - straight line, f/p - cane toad
Aim: a cane toad (almost dead, 73% to hit)
You shoot a bolt.
The bolt hits the cane toad but does no damage.
The cane toad is almost dead.
The bullfrog misses you. The cane toad closely misses you.
The cane toad stings you!
You die...

≈.# #.#P.............
≈.# #................ .#
#...............# .#
#................ .#
####...............#
.####P.#..###..........#
.........###..........#
..........###.#..F....#
.........## ##.#@F..###
.##..#.### ####F..#
######## ####


You could see 2 cane toads and a bullfrog.

Vanquished Creatures
  Harold (Lair:2)
  A hydra (Lair:1)
  4 two-headed ogres
  Sonja (D:10)
  An oklob plant (Lair:1)
  2 cane toads
  A rime drake (Lair:1)
  A kobold demonologist (D:10)
  2 komodo dragons
  A troll (D:9)
  Sigmund (D:6)
  A shadow (D:10)
  2 vampires (D:9)
  A basilisk (Lair:1)
  Eustachio (D:4)
  A yak (Lair:1)
  Menkaure (D:7)
  A steam dragon (D:9)
  6 water moccasins
  Duvessa (D:4)
  2 orc warriors
  2 ice beasts
  2 black bears
  A sky beast (D:6)
  2 ogres
  4 centaurs
  4 kobold brigands
  3 necrophages
  5 bullfrogs
  Blork the orc (D:4)
  2 gnoll sergeants (D:10)
  3 scorpions
  4 wights (D:9)
  Dowan (D:4)
  5 killer bees (D:8)
  5 howler monkeys
  3 electric eels
  3 jellies
  4 hounds
  4 orc priests
  Crazy Yiuf (D:3)
  Jessica (D:3)
  4 iguanas
  4 orc wizards
  8 gnolls
  5 adders
  2 shadow imps
  2 ufetubi
  3 worms
  2 dart slugs
  27 orcs
  4 bats
  3 endoplasms
  6 giant cockroaches
  5 goblins
  5 hobgoblins
  A quokka (D:2)
  5 ball pythons
  2 frilled lizards (D:3)
  15 kobolds
  4 rats
200 creatures vanquished.

Vanquished Creatures (others)
  A wizard (D:5)
  A howler monkey (D:9)
  12 plants
14 creatures vanquished.

Grand Total: 214 creatures vanquished

Notes
Turn   | Place    | Note
-------+----------+-------------------------------------------
     0 | D:1      | HoaS the Gargoyle Hunter began the quest for the Orb.
     0 | D:1      | Reached XP level 1. HP: 12/12 MP: 1/1
   109 | D:1      | Reached XP level 2. HP: 17/17 MP: 2/2
   688 | D:1      | Found a faded altar of an unknown god.
   797 | D:2      | Identified the +5 sling of Theory {flame, rElec Str+2}
   809 | D:2      | Reached XP level 3. HP: 21/21 MP: 3/3
   871 | D:2      | Reached skill level 5 in Ranged Weapons
   921 | D:2      | Found a stormy altar of Qazlal.
  1541 | D:3      | Reached XP level 4. HP: 26/26 MP: 4/4
  1625 | D:3      | Noticed Jessica
  1627 | D:3      | Killed Jessica
  1721 | D:3      | Reached skill level 6 in Ranged Weapons
  1810 | D:3      | Found a hide-covered altar of Uskayaw.
  1838 | D:3      | Found a runed translucent door.
  1839 | D:3      | Noticed Crazy Yiuf
  2093 | D:3      | Paralysed by Crazy Yiuf for 2 turns
  2096 | D:3      | Killed Crazy Yiuf
  2097 | D:3      | Reached XP level 5. HP: 16/30 MP: 5/5
  2190 | D:4      | Found a hazy altar of Hepliaklqana.
  2427 | D:4      | Noticed Blork the orc
  2444 | D:4      | Killed Blork the orc
  2445 | D:4      | Reached skill level 7 in Ranged Weapons
  2445 | D:4      | Reached XP level 6. HP: 21/35 MP: 6/6
  2778 | D:4      | Noticed Eustachio
  2916 | D:4      | Noticed Dowan
  2917 | D:4      | Noticed Duvessa
  2948 | D:4      | Killed Duvessa
  2949 | D:4      | Reached skill level 8 in Ranged Weapons
  2949 | D:4      | Reached XP level 7. HP: 11/40 MP: 7/7
  2963 | D:4      | Killed Dowan
  3355 | D:5      | Entered Level 5 of the Dungeon
  3364 | D:5      | Reached skill level 9 in Ranged Weapons
  3438 | D:4      | Killed Eustachio
  3509 | D:5      | Reached XP level 8. HP: 44/44 MP: 8/8
  3536 | D:5      | Reached skill level 10 in Ranged Weapons
  3741 | D:5      | Reached skill level 11 in Ranged Weapons
  3869 | D:5      | Found a bloodstained altar of Trog.
  3871 | D:5      | Noticed a wizard
  3875 | D:5      | Killed a wizard
  3970 | D:5      | Found an ornate altar of the Wu Jian Council.
  4041 | D:5      | Found an iron altar of Okawaru.
  4066 | D:5      | Became a worshipper of Warmaster Okawaru
  4283 | D:6      | Reached skill level 1 in Invocations
  4303 | D:6      | Found Efav's General Store.
  4308 | D:6      | Bought a potion of curing for 42 gold pieces
  4377 | D:6      | Reached XP level 9. HP: 32/48 MP: 10/10
  4418 | D:6      | Noticed Sigmund
  4441 | D:6      | Killed Sigmund
  4441 | D:6      | Reached * piety under Okawaru
  4442 | D:6      | Reached skill level 12 in Ranged Weapons
  4603 | D:6      | Found a staircase to the Ecumenical Temple.
  4761 | Temple   | Entered the Ecumenical Temple
  5556 | D:7      | Noticed Menkaure
  5567 | D:7      | Killed Menkaure
  5567 | D:7      | Reached ** piety under Okawaru
  5568 | D:7      | Reached skill level 13 in Ranged Weapons
  5853 | D:8      | Noticed a two-headed ogre
  6256 | D:8      | Reached XP level 10. HP: 53/53 MP: 12/12
  6282 | D:8      | Killed a two-headed ogre
  6283 | D:8      | Reached skill level 14 in Ranged Weapons
  6471 | D:9      | Noticed a two-headed ogre
  6488 | D:9      | Killed a two-headed ogre
  6488 | D:9      | Reached *** piety under Okawaru
  6493 | D:9      | Reached skill level 15 in Ranged Weapons
  6510 | D:9      | Noticed a two-headed ogre
  6667 | D:9      | Reached **** piety under Okawaru
  6760 | D:9      | Identified the +6 spear "Dragonslayer" {flame, rPois Str+6
                  | Int-5}
  7114 | D:9      | Killed a two-headed ogre
  7115 | D:9      | Reached skill level 16 in Ranged Weapons
  7331 | D:10     | Entered Level 10 of the Dungeon
  7423 | D:10     | Noticed a two-headed ogre
  7430 | D:10     | Killed a two-headed ogre
  7430 | D:10     | Reached ***** piety under Okawaru
  7431 | D:10     | Reached XP level 11. HP: 57/57 MP: 13/13
  7727 | D:10     | Noticed Sonja
  7728 | D:10     | Found Ipneskut's Weapon Boutique.
  7728 | D:10     | Found a staircase to the Orcish Mines.
  7728 | D:10     | Found Deonoot's Armour Boutique.
  8033 | D:10     | Found a staircase to the Lair.
  8082 | D:10     | Killed Sonja
  8083 | D:10     | Reached skill level 17 in Ranged Weapons
  8447 | D:10     | Bought a +2 hat for 176 gold pieces
  8477 | Lair:1   | Entered Level 1 of the Lair of Beasts
  8605 | Lair:1   | Found a blossoming altar of Fedhas.
  8605 | Lair:1   | Noticed an oklob plant
  8901 | Lair:1   | Noticed a five-headed hydra
  8916 | Lair:1   | Killed a five-headed hydra
  8916 | Lair:1   | Received a gift from Okawaru
  9416 | Lair:1   | Killed an oklob plant
  9520 | Lair:2   | Reached skill level 18 in Ranged Weapons
  9600 | Lair:2   | Noticed Harold
  9615 | Lair:2   | Killed Harold
  9622 | Lair:2   | Slain by a cane toad

Illustrated notes

Levels and vault maps discovered:
D:1:      scummos_arrival_gate, layout_basic, dilly_ecumenical_altar_fadedgnrine
D:2:      layout_rooms, basic_altar, kennysheep_nondescript,
          kennysheep_crisscross, supply_closet_lemuel
D:3:      minmay_spotlight, layout_basic, marbit_many_paths, uniq_jessica,
          uniq_crazy_yiuf_cottage
D:4:      layout_loops_corners, mainiacjoe_overflow_concentric_impassable,
          uniq_duvessa, uniq_blork_the_orc, uniq_eustachio
D:5:      layout_basic, trog_wizard, nicolae_wu_jian_immortal_techniques,
          mainiacjoe_overflow_cross_hatched, minmay_crossroads
D:6:      layout_rooms, minmay_temple_entry_nine_rooms, serial_shops,
          nicolae_shop_hallway_plus, uniq_sigmund
D:7:      layout_basic, serial_bayou, serial_bayou_lagoon_a,
          serial_bayou_shore_b, serial_bayou_pond_e, serial_bayou_pond_c,
          hangedman_abyss_or_decor_stabs, uniq_menkaure
D:8:      layout_rooms, minmay_unpleasant_kobolds
D:9:      layout_loops_ring, serial_bayou, serial_bayou_pond_e,
          serial_bayou_pond_d, serial_bayou_pond_b, serial_bayou_ford_a
D:10:     layout_cave_pods, david_lair_shrubbed, orc_david_3, minivault_5,
          uniq_sonja
Temple:   bh_familiar_temple
Lair:1:   layout_small_grid, serial_bayou, serial_bayou_crossing,
          serial_bayou_pond_a, serial_bayou_pond_a, serial_bayou_pond_b,
          lemuel_oklob_altar, serial_bayou_shore_b, infiniplex_staircase_pool
Lair:2:   layout_gridlike, infiniplex_staircase_pool_2, uniq_maggie, uniq_harold

Skill      XL: |  1  2  3  4  5  6  7  8  9 10 11 |
---------------+----------------------------------+-----
Ranged Weapons | 5 6 7 8 9 11 13 16 18 | 18.0
Invocations    | 2 3 |  3.4
Dodging        | 2 |  2.5
Fighting       | 3 |  3.4
Stealth        | |  1.1

Action                   |  1- 3 |  4- 6 |  7- 9 | 10-12 || total
-------------------------+-------+-------+-------+-------++-------
Melee: Unarmed           |       |     1 |       |       ||     1
 Fire: Shortbow          |    72 |   148 |   491 |       ||   711
       Arbalest          |       |       |    14 |   309 ||   323
Invok: Heroism           |       |       |     1 |     5 ||     6
Evoke: Wand              |       |       |       |     4 ||     4
  Use: Scroll            |    10 |     5 |     6 |     5 ||    26
       Potion            |       |     2 |     5 |     2 ||     9
Armor: Leather armour    |     5 |    38 |   174 |    85 ||   302
Dodge: Dodged            |    11 |    43 |   200 |   112 ||   366

Table legend: (Time is in decaauts)
 A = Elapsed time spent in this place.
 B = Non-inter-level travel time spent in this place.
 C = Inter-level travel time spent in this place.
 D = Time resting spent in this place.
 E = Time spent auto-exploring this place.
 F = Levels seen in this place.
 G = Mean time per level.
                   A        B        C        D        E       F      G
               +--------+--------+--------+--------+--------+-----+--------+
         Total |   9646 |   9069 |    577 |    439 |   6801 |  13 |  742.0 |
       Dungeon |   8314 |   7833 |    481 |    405 |   5732 |  10 |  831.4 |
        Temple |    182 |    162 |     20 |      0 |    156 |   1 |  182.0 |
          Lair |   1149 |   1074 |     75 |     33 |    913 |   2 |  574.5 |
               +--------+--------+--------+--------+--------+-----+--------+

Top non-repeatable levels by time:
     D:4: 1212 daAuts
    D:10: 1135 daAuts
  Lair:1: 1003 daAuts
     D:3: 866 daAuts
     D:7: 858 daAuts
     D:9: 849 daAuts
     D:5: 743 daAuts
     D:1: 713 daAuts
     D:2: 701 daAuts
     D:8: 635 daAuts
     D:6: 598 daAuts
  Temple: 182 daAuts
  Lair:2: 146 daAuts
